 Dungeon Crawl Stone Soup version 0.23-a0-629-gae4348f (webtiles) character file.

443 Lanoc the Chiller (level 7, -4/36 HPs)
             Began as a Kobold Ice Elementalist on Dec 26, 2018.
             Slain by Grinder (11 damage)
             ... while paralysed by Grinder
             ... on level 4 of the Dungeon.
             The game lasted 00:11:51 (3395 turns).

Lanoc the Chiller (Kobold Ice Elementalist)         Turns: 3395, Time: 00:11:52

Health: -4/36      AC:  3    Str:  6    XL:     7   Next: 23%
Magic:  3/13       EV:  3    Int: 23    God:
Gold:   226        SH:  0    Dex: 15    Spells: 8/14 levels left

rFire    + + .     SeeInvis .   s - -1 dagger (curse)
rCold    + . .     Gourm    .   (shield restricted)
rNeg     . . .     Faith    .   a - +0 robe
rPois    +         Spirit   .   n - +0 helmet (curse)
rElec    +         Reflect  .   (no cloak)
rCorr    +         Harm     .   (no gloves)
MR       .....                  (no boots)
Stlth    ++........             (no amulet)
HPRegen  0.12/turn              f - ring of protection from fire
MPRegen  0.13/turn              r - +3 ring of intelligence

@: paralysed, resistant
A: small, large bone plates 1, carnivore, clever 1
a: no special abilities


You were on level 4 of the Dungeon.
You were completely stuffed.

You visited 1 branch of the dungeon, and saw 4 of its levels.

You collected 226 gold pieces.

Inventory:

Hand Weapons
 g - a +0 dagger
 s - a cursed -1 dagger (weapon)
Missiles
 i - 76 bolts
Armour
 a - a +0 robe (worn)
 n - a cursed +0 helmet (worn)
Jewellery
 f - a ring of protection from fire (left hand)
 r - a +3 ring of intelligence (right hand)
Scrolls
 b - 3 scrolls of remove curse
 d - a scroll of immolation {unknown}
 j - 3 scrolls of enchant armour {unknown}
 m - a scroll of magic mapping {unknown}
 q - a scroll of blinking {unknown}
 t - a scroll of amnesia {unknown}
 u - 2 scrolls of fear {unknown}
Potions
 e - a potion of lignification
 l - a potion of heal wounds
 p - a potion of invisibility {unknown}
Comestibles
 c - 10 rations


   Skills:
 + Level 4.7 Dodging
 - Level 2.6 Stealth
 + Level 4.0 Spellcasting
 - Level 1.0 Conjurations
 * Level 5.8 Ice Magic


You had 8 spell levels left.
You knew the following spells:

 Your Spells              Type           Power        Failure   Level  Hunger
a - Freeze                Ice            ####         1%          1    None
b - Throw Frost           Conj/Ice       ###...       3%          2    #......
c - Ozocubu's Armour      Chrm/Ice       ###.....     10%         3    ##.....

Your spell library contained the following spells:

 Spells                   Type           Power        Failure   Level  Hunger
 Throw Icicle             Conj/Ice       ###.....     26%         4    ####...
 Summon Ice Beast         Ice/Summ       ###.....     30%         4    ####...


Dungeon Overview and Level Annotations

Branches:
Dungeon (4/15)
 Temple: D:4-7

Altars:
Ashenzari
Cheibriados
Hepliaklqana
Makhleb
Yredelemnul
Zin

Annotations:
D:4 Grinder


Innate Abilities, Weirdness & Mutations

You are small and have problems with some larger weapons.
You are carnivorous and can eat meat at any time.
You are partially covered in large bone plates. (SH +4)
Your mind is acute. (Int +2)


Message History

Press: ? - help, Shift-Dir - straight line, f/p - Grinder
Aim: Grinder (lightly wounded)
You freeze Grinder.
Grinder resists.
Grinder is lightly wounded.
Grinder gestures at you. You resist with significant effort.
Casting: Freeze (safe; 1% risk of failure)
Confirm with . or Enter, or press ? or * to list all spells.
Aiming: Freeze (safe; 1% risk of failure)
Press: ? - help, Shift-Dir - straight line, f/p - Grinder
Aim: Grinder (lightly wounded)
You freeze Grinder.
Grinder resists.
Grinder is lightly wounded.
Grinder gestures at you.
You suddenly lose the ability to move!
Grinder says, "Don't move a muscle."
Grinder hits you.
You writhe in agony.
* * * LOW HITPOINT WARNING * * *
Grinder hits you!
You die...

.......####.#....#
####### #.#
....(..o.)o.#....#
########.#
......†######....####
#......#.# .......#
#.......# #...[..#.#
.§#.##.#
#5#..##.###.####.#.#
..#.##.#
#..................#
.......####
#.#####.###.####.###
.####..=..# #.#####.#
#......# ......###.#
#.)5@.(.# #......#
.##### #.# #########
######## #.# #.# #.#
##.####### #........#
#.#...##.# #...#.##.#


You could see Grinder.

Vanquished Creatures
  An ogre (D:4)
  A bullfrog (D:4)
  A scorpion (D:4)
  A hound (D:4)
  An orc priest (D:3)
  A worker ant (D:4)
  7 adders
  A dart slug (D:1)
  A leopard gecko (D:1)
  11 orcs
  6 bats
  8 giant cockroaches
  7 goblins
  4 hobgoblins
  9 jackals
  10 kobolds
  2 quokkas
  A ball python (D:3)
  5 frilled lizards
  A jackal skeleton (D:4)
  10 rats
  A spectral orc (D:2)
90 creatures vanquished.

Notes
Turn   | Place    | Note
-------+----------+-------------------------------------------
     0 | D:1      | Lanoc the Kobold Ice Elementalist began the quest for the
                  | Orb.
     0 | D:1      | Reached XP level 1. HP: 10/10 MP: 3/3
   187 | D:1      | Reached XP level 2. HP: 15/15 MP: 3/5
   437 | D:1      | Reached XP level 3. HP: 13/19 MP: 1/6
   513 | D:1      | Learned a level 2 spell: Throw Frost
   528 | D:1      | Found a snail-covered altar of Cheibriados.
  1275 | D:2      | Reached XP level 4. HP: 18/24 MP: 3/8
  1474 | D:2      | Reached skill level 4 in Ice Magic
  1682 | D:2      | Found a basalt altar of Yredelemnul.
  1720 | D:3      | Found a glowing silver altar of Zin.
  1808 | D:3      | Found a burning altar of Makhleb.
  1850 | D:3      | Gained mutation: You are dopey. (Int -2) [potion of
                  | mutation]
  1850 | D:3      | Gained mutation: Your spells are a little harder to cast,
                  | but a little more powerful. [potion of mutation]
  1865 | D:3      | Reached XP level 5. HP: 16/28 MP: 1/9
  2170 | D:3      | Found a hazy altar of Hepliaklqana.
  2339 | D:3      | Learned a level 3 spell: Ozocubu's Armour
  2407 | D:3      | Lost mutation: You are dopey. (Int -2) [potion of mutation]
  2407 | D:3      | Lost mutation: Your spells are a little harder to cast, but
                  | a little more powerful. [potion of mutation]
  2407 | D:3      | Gained mutation: Your mind is acute. (Int +2) [potion of
                  | mutation]
  2407 | D:3      | Gained mutation: You are partially covered in large bone
                  | plates. (SH +4) [potion of mutation]
  2607 | D:4      | Reached XP level 6. HP: 18/32 MP: 1/11
  3021 | D:4      | Noticed a slave
  3082 | D:4      | Noticed an ogre
  3091 | D:4      | Killed an ogre
  3091 | D:4      | Reached skill level 5 in Ice Magic
  3113 | D:4      | Found a shattered altar of Ashenzari.
  3293 | D:4      | Reached XP level 7. HP: 36/36 MP: 5/13
  3357 | D:4      | Noticed Grinder
  3393 | D:4      | Paralysed by Grinder for 3 turns
  3395 | D:4      | Slain by Grinder

Vault maps used:
D:1:      dpeg_arrival_prison, corner_web_ring, cheibriados_altar_1
D:2:      yredelemnul_forgotten_temple_becter
D:3:      overflow_temple_1_default, lemuel_coloured_pillars_altar,
          old_standard_altar, first_ration, minmay_misc_feat_doors,
          minmay_pentomino_pile
D:4:      ashenzari_altar_1, uniq_pikel, uniq_grinder

Skill      XL: |  1  2  3  4  5  6 |
---------------+-------------------+-----
Dodging        | 3 4 |  4.7
Ice Magic      | 4 5 |  5.8
Spellcasting   | 3 4 |  4.0
Stealth        | |  2.6
Conjurations   | |  1.0

Action                   |  1- 3 |  4- 6 |  7- 9 || total
-------------------------+-------+-------+-------++-------
Melee: Unarmed           |     2 |       |       ||     2
       Dagger            |    50 |   104 |     1 ||   155
 Cast: Freeze            |    47 |    78 |    13 ||   138
       Throw Frost       |     2 |       |       ||     2
       Ozocubu's Armour  |       |       |     1 ||     1
  Use: Potion            |       |     7 |     1 ||     8
       Scroll            |       |     4 |       ||     4
 Stab: Sleeping          |     3 |     8 |       ||    11
  Eat: Chunk             |    10 |     5 |     2 ||    17
Armor: Robe              |    17 |    26 |     1 ||    44
Dodge: Dodged            |    72 |    99 |     5 ||   176
Block: Other             |       |     8 |       ||     8

Table legend:
 A = Non-vault XP
 B = Vault XP
 C = Vault XP percentage of total XP
 D = Non-vault monster count
 E = Vault monster count
 F = Vault count percentage of total count
                 A         B        C        D         E       F
            +---------+---------+-------+---------+---------+-------
      Total |     617 |      16 |   2.5 |      81 |       9 |  10.0
            +---------+---------+-------+---------+---------+-------
        D:1 |      48 |       6 |  11.1 |      28 |       4 |  12.5
        D:2 |      39 |       1 |   2.5 |      12 |       1 |   7.7
        D:3 |     110 |       9 |   7.6 |      24 |       4 |  14.3
        D:4 |     420 |       0 |   0.0 |      17 |       0 |   0.0
            +---------+---------+-------+---------+---------+-------
